 Dungeon Crawl Stone Soup version 0.26.1-11-gd32895ea62 (webtiles) character file.

Game seed: 15909649375004188796

98 MisterFreud the Sneak (level 4, -7/36 HPs)
             Began as a Naga Fire Elementalist on May 8, 2021.
             Killed from afar by an orc wizard (11 damage)
             ... with a puff of flame
             ... on level 3 of the Dungeon.
             The game lasted 00:06:18 (2665 turns).

MisterFreud the Sneak (Naga Fire Elementalist)      Turns: 2665, Time: 00:06:18

Health: -7/36      AC:  2    Str:  9 (10) XL:     4   Next: 69%
Magic:  7/7        EV: 25    Int: 15 (17) God:
Gold:   100        SH:  5    Dex: 16 (17) Spells: 3/7 levels left

rFire    . . .     SeeInvis +   i - +1 dagger
rCold    . . .     Faith    .   b - +0 buckler
rNeg     . . .     Spirit   .   a - +0 robe
rPois    +         Reflect  .   (no helmet)
rElec    .         Harm     .   (no cloak)
rCorr    .         Rampage  .   (no gloves)
Will     .....                  (no barding)
Stlth    ++........             d - amulet of the acrobat
HPRegen  0.12/turn              n - +6 ring of dexterity (curse)
MPRegen  0.10/turn              (no ring)

@: acrobat, very slow
A: large, see invisible, deformed body, poison resistance, slowness 2, spit
poison 1, AC +1
a: Spit Poison


You were on level 3 of the Dungeon.
You visited 1 branch of the dungeon, and saw 3 of its levels.

You collected 100 gold pieces.

Inventory:

Hand Weapons
 i - a +1 dagger (weapon)
Missiles
 l - 5 javelins
Armour
 a - a +0 robe (worn)
 b - a +0 buckler (worn)
Jewellery
 d - an amulet of the acrobat (around neck)
 n - a cursed +6 ring of dexterity (left hand)
Scrolls
 g - a scroll of enchant weapon
 h - a scroll of identify
 m - a scroll of enchant armour
Potions
 e - 2 potions of curing
 f - a potion of flight
 o - a potion of resistance


   Skills:
 - Level 1.5 Dodging
 - Level 3.0 Stealth
 + Level 2.4 Shields
 - Level 2.0 Spellcasting
 - Level 3.0 Conjurations
 - Level 3.0 Fire Magic


You had 3 spell levels left.
You knew the following spells:

 Your Spells              Type           Power        Failure   Level
a - Foxfire               Conj/Fire      40%          6%          1
b - Inner Flame           Hex/Fire       6%           34%         3

Your spell library contained the following spells:

 Spells                   Type           Power        Failure   Level
 Conjure Flame            Conj/Fire      10%          19%         3
 Sticky Flame             Conj/Fire      10%          54%         4
 Fireball                 Conj/Fire      5%           87%         5


Dungeon Overview and Level Annotations

Branches:
Dungeon (3/15)

Altars:
Ru


Innate Abilities, Weirdness & Mutations

You cannot wear boots.
Your serpentine skin is tough. (AC +1)
You have supernaturally acute eyesight. (SInv)
Armour fits poorly on your strangely shaped body.
Your system is resistant to poisons. (rPois)
You cover ground very slowly.
You can spit poison.


Message History

The puff of frost misses you. The orc wizard completely misses you.
Press: ? - help, Shift-Dir - straight line, f - orc wizard
Aim: an orc wizard, wielding a +0 dagger and wearing a +0 robe (moderately wounded, fast)
The splash of poison hits the orc wizard!
The orc wizard is poisoned.
The orc wizard is almost dead.
You block the orc wizard's attack.
The orc wizard looks braver for a moment.
Unknown command.
You hit the orc wizard.
The orc wizard is almost dead.
The orc wizard points at you and mumbles some strange words.
The puff of flame hits you!
* * * LOW HITPOINT WARNING * * *
Unknown command.
You have got your breath back.
The orc wizard casts a spell at you. The puff of flame hits you!
You die...

###### #....#
##########....##############
#.>......'(.................
#...#..###.....####.#.....##
#...'.÷)(').(..# #.#.....#
#...##.###...).# #.#.....#
#...##)####'##.# #.#.....#
###.##<.# #@##÷# #.#######
#..))># #.##.# #.#
#....(.##o##)# #.#
#....#.##o##[# #.#
#....#.##.##.#
#....#.##.##.#
#....#..#.##.# #....#
.#.##.# #....# ...#o#


You could see an orc wizard (fast, poisoned) and an orc.

Vanquished Creatures
  Robin (D:3)
  2 adders
  An ooze (D:3)
  A worm (D:2)
  A leopard gecko (D:3)
  7 orcs (D:3)
  2 giant cockroaches (D:2)
  14 goblins
  4 hobgoblins
  4 jackals (D:2)
  2 quokkas
  3 ball pythons (D:2)
  2 frilled lizards
  2 kobolds
  3 rats
49 creatures vanquished.

Vanquished Creatures (others)
  68 foxfires
68 creatures vanquished.

Grand Total: 117 creatures vanquished

Notes
Turn   | Place    | Note
-------+----------+-------------------------------------------
     0 | D:1      | MisterFreud the Naga Fire Elementalist began the quest for
                  | the Orb.
     0 | D:1      | Reached XP level 1. HP: 15/15 MP: 3/3
   427 | D:1      | Reached XP level 2. HP: 22/22 MP: 5/5
  1036 | D:2      | Reached skill level 1 in Shields
  1201 | D:2      | Reached XP level 3. HP: 28/28 MP: 2/6
  2025 | D:3      | Found a sacrificial altar of Ru.
  2144 | D:3      | Learned a level 3 spell: Inner Flame
  2208 | D:3      | Reached XP level 4. HP: 36/36 MP: 5/7
  2280 | D:3      | Noticed Robin
  2315 | D:3      | Killed Robin
  2665 | D:3      | Killed from afar by an orc wizard

Illustrated notes

Levels and vault maps discovered:
D:1:      dpeg_arrival_erosion, layout_basic, serial_aquarium,
          aquarium_bridge_straight [aquarium_subvault_bridge,
          aquarium_subvault_wall, aquarium_subvault_bridge,
          aquarium_subvault_window], aquarium_window_fake, aquarium_window_fake,
          aquarium_window_3, aquarium_window_2, aquarium_view_2b,
          aquarium_view_2e
D:2:      layout_basic, kennysheep_flooded_box
D:3:      layout_basic, overflow_temple_1_default, uniq_robin

Skill      XL: |  1  2  3  4 |
---------------+-------------+-----
Conjurations   | 2 3 |  3.0
Shields        | 1 2 |  2.4
Dodging        | |  1.5
Stealth        | |  3.0
Spellcasting   | |  2.0
Fire Magic     | |  3.0

Action                   |  1- 3 |  4- 6 || total
-------------------------+-------+-------++-------
Melee: Dagger            |     3 |    15 ||    18
       Unarmed           |     1 |       ||     1
 Cast: Foxfire           |    23 |    17 ||    40
 Abil: Spit Poison       |    28 |    10 ||    38
  Use: Potion            |       |     5 ||     5
       Scroll            |       |     3 ||     3
Armor: Robe              |     1 |     5 ||     6
Dodge: Dodged            |    12 |    30 ||    42
Block: Buckler           |     2 |    10 ||    12
